 Seeded DCSS version 0.29-a0-378-gc08b2e8bf8 (webtiles) character file.

Game seed: 13605594255664981076 (custom seed)

2881 thiscave3701365 the Cleaver (level 9, -6/82 HPs)
             Began as a Minotaur Berserker on May 4, 2022.
             Was a Believer of Trog.
             Mangled by a yak (8 damage)
             ... on level 7 of the Dungeon.
             The game lasted 00:07:59 (8670 turns).

thiscave3701365 the Cleaver (Minotaur Berserker)    Turns: 8670, Time: 00:08:00

Health: -6/82      AC: 15    Str: 27    XL:     9   Next: 48%
Magic:  8/8        EV:  9    Int:  4    God:    Trog [**....]
Gold:   297        SH:  0    Dex:  9    Spells: 8/8 levels left

rFire   . . .      SeeInvis .   a - +0 hand axe
rCold   . . .      Faith    .   (no shield)
rNeg    . . .      Spirit   .   z - +0 plate armour
rPois   .          Reflect  .   (helmet restricted)
rElec   .          Harm     .   B - +0 cloak
rCorr   .          Rampage  .   (no gloves)
Will    .....                   (no boots)
Stlth   ..........              (no amulet)
HPRegen 0.23/turn               (no ring)
MPRegen 0.11/turn               (no ring)

@: on berserk cooldown
A: horns 2, retaliatory headbutt
a: Renounce Religion, Berserk, Trog's Hand


You were on level 7 of the Dungeon.
You worshipped Trog.
Trog was pleased with you.
You visited 1 branch of the dungeon, and saw 7 of its levels.

You collected 297 gold pieces.

Inventory:

Hand Weapons
 a - a +0 hand axe (weapon)
Missiles
 v - a throwing net
Armour
 z - a +0 plate armour (worn)
 B - a +0 cloak (worn)
Jewellery
 r - a ring of protection from cold
Wands
 u - a wand of digging (3)
 w - a wand of charming (10)
 y - a wand of polymorph (4)
Scrolls
 h - a scroll of fog
 i - 2 scrolls of vulnerability
 l - a scroll of poison
 q - a scroll of teleportation
Potions
 b - a potion of curing {unknown}
 c - 2 potions of brilliance {unknown}
 f - 2 potions of haste
 j - 2 potions of magic
 k - a potion of flight
 m - a potion of might
 n - a potion of ambrosia
 s - a potion of heal wounds
 t - 3 potions of mutation
 A - a potion of lignification


   Skills:
 + Level 8.7 Fighting
 + Level 8.7 Axes
 + Level 8.3 Armour
 + Level 7.5 Dodging


You had 8 spell levels left.
You didn't know any spells.
Your spell library was empty.

Dungeon Overview and Level Annotations

Branches:
Dungeon (7/15)             Temple (0/1) D:4

Altars:
Ashenzari
Cheibriados
Gozag
Makhleb
Nemelex Xobeh
Okawaru
Uskayaw

Shops:
D:6 !


Innate Abilities, Weirdness & Mutations

You have a pair of horns on your head.
You reflexively headbutt those who attack you in melee.


Message History

The vampire mosquito draws strength from your injuries!
You barely miss the vampire mosquito.
The vampire mosquito is moderately damaged.
The vampire mosquito barely misses you. You furiously retaliate!
You headbutt the vampire mosquito!
The vampire mosquito bites you but does no damage.
Unknown command.
You barely miss the vampire mosquito.
The vampire mosquito is severely damaged.
The vampire mosquito bites you.
* * * LOW HITPOINT WARNING * * *
The vampire mosquito draws strength from your injuries!
The vampire mosquito bites you but does no damage.
You miss the vampire mosquito.
The vampire mosquito is severely damaged.
The vampire mosquito bites you but does no damage.
The vampire mosquito barely misses you.
The vampire mosquito bites you but does no damage.
You hit the vampire mosquito.
The vampire mosquito is almost destroyed.
The vampire mosquito bites you but does no damage.
The vampire mosquito completely misses you.
You slash the vampire mosquito!
You destroy the vampire mosquito!
Trog accepts your kill.
The centaur wields a +0 shortbow.
The centaur shoots an arrow.
The arrow hits you.
* * * LOW HITPOINT WARNING * * *
You completely miss the yak. You headbutt the yak!
The yak is moderately wounded.
You feel yourself speed up. The yak barely misses you.
The yak completely misses you.
An orc comes into view. It is wielding a +0 flail.
The orc shouts!
You hit the yak but do no damage.
The yak is moderately wounded.
You hit the yak.
The yak is heavily wounded.
The yak gores you!
You die...

... ... .... .....
.....#######
...........#
........).K###
........).cY@#######
......).).##.#.....#
..........##.##.##.#
..........##....##.#
....#+############.#
.... #...#.# .##
#.#.#.# ###.#.#.#
#.#.#.#.#


You could see a yak, a kobold brigand and a centaur.

Vanquished Creatures
  A cyclops (D:6)
  A hornet (D:6)
  A wyvern (D:7)
  A vampire mosquito (D:7)
  2 water moccasins (D:6)
  2 ice beasts
  An orc warrior (D:7)
  2 black bears
  3 ogres
  3 phantoms
  2 necrophages (D:5)
  2 scorpions (D:6)
  A hound (D:5)
  2 orc priests (D:4)
  A jelly (D:6)
  A gnoll shaman (D:5)
  An iguana (D:3)
  5 orc wizards
  12 gnolls
  9 adders
  A shadow imp (D:7)
  2 ufetubi
  A worm (D:5)
  29 orcs
  4 endoplasms
  3 giant cockroaches
  8 goblins
  4 hobgoblins
  3 jackals (D:1)
  A quokka (D:4)
  10 ball pythons
  A bat (D:3)
  3 frilled lizards
  5 kobolds
  7 rats
135 creatures vanquished.

Notes
Turn   | Place    | Note
-------+----------+-------------------------------------------
     0 | D:1      | thiscave3701365 the Minotaur Berserker began the quest for
                  | the Orb.
     0 | D:1      | Reached XP level 1. HP: 19/19 MP: 0/0
   334 | D:1      | Found a faded altar of an unknown god.
   408 | D:1      | Reached XP level 2. HP: 25/27 MP: 1/1
  1079 | D:2      | Reached XP level 3. HP: 29/33 MP: 2/2
  1209 | D:2      | Reached XP level 4. HP: 26/40 MP: 3/3
  1461 | D:2      | Reached ** piety under Trog
  2399 | D:3      | Found a burning altar of Makhleb.
  2399 | D:3      | Found a hide-covered altar of Uskayaw.
  2655 | D:3      | Reached XP level 5. HP: 47/47 MP: 4/4
  3374 | D:4      | Noticed an ogre
  3379 | D:4      | Killed an ogre
  3380 | D:4      | Reached skill level 5 in Fighting
  3380 | D:4      | Reached skill level 5 in Axes
  3680 | D:4      | Found an opulent altar of Gozag.
  3680 | D:4      | Found a sparkling altar of Nemelex Xobeh.
  3724 | D:4      | Found a staircase to the Ecumenical Temple.
  3795 | D:4      | Reached XP level 6. HP: 56/56 MP: 5/5
  4301 | D:4      | Found a snail-covered altar of Cheibriados.
  4445 | D:4      | Found an iron altar of Okawaru.
  5001 | D:5      | Entered Level 5 of the Dungeon
  5149 | D:5      | Noticed an ice beast
  5156 | D:5      | Reached skill level 5 in Armour
  5156 | D:5      | Reached XP level 7. HP: 29/62 MP: 6/6
  5174 | D:5      | Reached skill level 5 in Dodging
  5975 | D:5      | Reached XP level 8. HP: 66/71 MP: 7/7
  6021 | D:5      | Found a broken altar of Ashenzari.
  6126 | D:5      | Identified the +0 chain mail "Fuibbaimp" {Str+3}
  6819 | D:6      | Noticed a cyclops
  6831 | D:6      | Killed a cyclops
  7320 | D:6      | Reached XP level 9. HP: 81/81 MP: 8/8
  7499 | D:6      | Found Yssic's Distillery.
  7686 | D:6      | Paralysed by a hornet for 3 turns
  8667 | D:7      | HP: 2/82 [centaur/arrow (6)]
  8670 | D:7      | Mangled by a yak

Illustrated notes

Levels and vault maps discovered:
D:1:      wander_arrival_lonely_grave, layout_basic,
          ebering_ecumenical_altar_rust
D:2:      layout_basic, minmay_misc_feat_tower, grunt_decor_mini_mirrors
D:3:      layout_basic, mainiacjoe_overflow_divided_tiny
D:4:      layout_loops_ring, grunt_temple_overflow_opulence,
          general_overflow_altar, mainiacjoe_overflow_24_doors, temple_doors_ab
D:5:      layout_basic, mainiacjoe_overflow_paths
D:6:      layout_basic, serial_shops, nicolae_shop_behind_doors,
          minmay_increasing_density
D:7:      layout_basic, nicolae_ossuary_entry_giza, minmay_manual_mess

Skill      XL: |  1  2  3  4  5  6  7  8  9 |
---------------+----------------------------+-----
Axes           | 4 5 6 8 |  8.7
Fighting       | 4 5 6 7 8 |  8.7
Armour         | 3 4 5 6 7 8 |  8.3
Dodging        | 3 4 5 6 7 |  7.5

Action                   |  1- 3 |  4- 6 |  7- 9 || total
-------------------------+-------+-------+-------++-------
Melee: Hand axe          |    54 |   123 |   191 ||   368
       Headbutt          |     6 |    22 |    30 ||    58
       Punch             |       |       |     2 ||     2
Invok: Berserk           |     1 |    10 |     7 ||    18
  Use: Scroll            |       |       |    17 ||    17
 Stab: Sleeping          |     1 |     1 |       ||     2
Armor: Animal skin       |     8 |     2 |       ||    10
       Chain mail        |       |    42 |    28 ||    70
       Plate armour      |       |       |   115 ||   115
Dodge: Dodged            |    31 |    57 |    95 ||   183

Table legend: (Time is in decaauts)
 A = Elapsed time spent in this place.
 B = Non-inter-level travel time spent in this place.
 C = Inter-level travel time spent in this place.
 D = Time resting spent in this place.
 E = Time spent auto-exploring this place.
 F = Levels seen in this place.
 G = Mean time per level.
                   A        B        C        D        E       F      G
               +--------+--------+--------+--------+--------+-----+--------+
         Total |   8844 |   8527 |    317 |   3057 |   4670 |   7 | 1263.4 |
       Dungeon |   8844 |   8527 |    317 |   3057 |   4670 |   7 | 1263.4 |
               +--------+--------+--------+--------+--------+-----+--------+

Top non-repeatable levels by time:
     D:4: 2118 daAuts
     D:6: 1928 daAuts
     D:2: 1318 daAuts
     D:3: 1312 daAuts
     D:5: 1266 daAuts
     D:1: 786 daAuts
     D:7: 114 daAuts
